 Dungeon Crawl Stone Soup version 0.23.2-33-g5129a83184 (webtiles) character file.

Game seed: 808233538676890483

49 DildoBatman the Sneak (level 4, 0/45 HPs)
             Began as a Formicid Wizard on Aug 11, 2019.
             Succumbed to an adder's poison
             ... on level 1 of the Dungeon.
             The game lasted 00:05:07 (1102 turns).

DildoBatman the Sneak (Formicid Wizard)             Turns: 1102, Time: 00:05:08

Health: 0/45       AC: 22    Str: 11    XL:     4   Next: 2%
Magic:  2/9        EV:  2    Int: 19    God:
Gold:   53         SH:  0    Dex:  9    Spells: 8/9 levels left

rFire    . . .     SeeInvis .   j - +3 hand axe
rCold    . . .     Gourm    .   (no shield)
rNeg     + + +     Faith    .   (armour currently unavailable)
rPois    +         Spirit   .   (helmet unavailable)
rElec    .         Reflect  .   (cloak currently unavailable)
rCorr    .         Harm     .   (gloves currently unavailable)
MR       .....     Clarity  +   (boots currently unavailable)
Stlth    ++........             (no amulet)
HPRegen  0.15/turn              (no ring)
MPRegen  0.11/turn              (no ring)

@: lethally poisoned (0 -> 0), tree-form, very slightly contaminated, invisible
A: permanent stasis, dig shafts and tunnels, four strong arms, clarity, high mp
1, sense surroundings 1
a: no special abilities


You were on level 1 of the Dungeon.
You were hungry.
You were a tree.
You visited 1 branch of the dungeon, and saw 2 of its levels.

You collected 53 gold pieces.

Inventory:

Hand Weapons
 j - a +3 hand axe (weapon)
Missiles
 c - 70 stones (quivered)
Armour
 a - a +0 robe (melded)
Scrolls
 e - a scroll of identify
 h - a scroll of magic mapping
 i - a scroll of blinking
Comestibles
 b - 2 chunks of flesh
 v - a ration


   Skills:
 - Level 1.7 Dodging
 * Level 3.6 Stealth
 - Level 3.2 Spellcasting
 * Level 2.5 Conjurations
   Level 1.0 Summonings
   Level 0.8 Translocations


You had 8 spell levels left.
You knew the following spells:

 Your Spells              Type           Power        Failure   Level  Hunger
c - Magic Dart            Conj           ##..         5%          1    None

Your spell library contained the following spells:

 Spells                   Type           Power        Failure   Level  Hunger
 Call Imp                 Summ           #.......     16%         2    ##.....
 Slow                     Hex            #.......     22%         2    ##.....
 Conjure Flame            Conj/Fire      #.......     26%         3    ###....
 Mephitic Cloud           Conj/Pois/Air  #.......     30%         3    ###....
 Blink                    Tloc           Unusable     N/A         2    N/A

Dungeon Overview and Level Annotations

Branches:
Dungeon (2/15)

Altars:
Hepliaklqana
Xom

Annotations:
D:2 Terence


Innate Abilities, Weirdness & Mutations

You cannot be hasted, slowed, berserked, paralysed or teleported.
You can dig through walls and to a lower floor.
Your four strong arms can wield two-handed weapons with a shield.
((You have a pair of large antennae on your head. (SInv)))
You possess an exceptional clarity of mind.
You have an increased reservoir of magic. (+10% MP)
You passively map a small area around you.


Message History

The adder bites you.
You closely miss the adder.
The adder is severely wounded.
The adder bites you but does no damage.
You hit the adder.
You kill the adder!
You have reached level 4!
You feel clever.
It was a potion of invisibility.
You fade into invisibility!
You feel sick.
You are very lightly contaminated with residual magic.
As you read the scroll labeled IQUSOZ GUFU, it crumbles to dust.
It is a scroll of identify.
i - a scroll of blinking
As you read the scroll of identify, it crumbles to dust.
h - a scroll of magic mapping You feel sick.
There is a lethal amount of poison in your body!
You die...

#########
........########
...............#
.........#####.#
.........# #.#
.........#####.#
##....#......#.###
.'..............♣#
##...............#
##>..##########..#
.........# #..#
.........# #..#
.........# #..#
.........# #..#
.........# #..#
.##......## #..#


There were no monsters in sight!

Vanquished Creatures
  2 adders
  3 worms
  A leopard gecko (D:1)
  A giant cockroach (D:1)
  5 goblins
  3 hobgoblins (D:1)
  A bat (D:2)
  3 frilled lizards (D:1)
  2 kobolds (D:1)
  4 rats
25 creatures vanquished.

Notes
Turn   | Place    | Note
-------+----------+-------------------------------------------
     0 | D:1      | DildoBatman the Formicid Wizard began the quest for the
                  | Orb.
     0 | D:1      | Reached XP level 1. HP: 13/13 MP: 4/4
    15 | D:1      | Reached skill level 1 in Conjurations
   262 | D:1      | Reached XP level 2. HP: 19/19 MP: 6/6
   650 | D:2      | Reached XP level 3. HP: 20/24 MP: 0/7
   674 | D:2      | Found a hazy altar of Hepliaklqana.
   758 | D:2      | Found a shimmering altar of Xom.
   760 | D:2      | Found a shimmering altar of Xom.
   761 | D:2      | Found a shimmering altar of Xom.
   932 | D:2      | Noticed a phantom
  1075 | D:2      | Noticed Terence
  1088 | D:1      | Gained mutation: You passively map a small area around you.
                  | [potion of mutation]
  1088 | D:1      | Gained mutation: You possess an exceptional clarity of
                  | mind. [potion of mutation]
  1088 | D:1      | Gained mutation: You have an increased reservoir of magic.
                  | (+10% MP) [potion of mutation]
  1091 | D:1      | HP: 1/36 [adder (1)]
  1093 | D:1      | Reached XP level 4. HP: 2/30 MP: 1/9
  1098 | D:1      | HP: 1/45 [poisoned by an adder]
  1102 | D:1      | Succumbed to an adder's poison

Skill      XL: |  1  2 |
---------------+-------+-----
Conjurations   | 1 2 |  2.5
Stealth        | 3 |  3.6
Dodging        | |  1.7
Spellcasting   | |  3.2
Summonings     | |  1.0
Translocations | |  0.8

Action                   |  1- 3 |  4- 6 || total
-------------------------+-------+-------++-------
Melee: Hand axe          |    43 |       ||    43
Throw: Stone             |     1 |       ||     1
 Cast: Magic Dart        |    51 |       ||    51
 Abil: Dig               |     1 |       ||     1
  Use: Potion            |     3 |     1 ||     4
       Scroll            |       |     2 ||     2
 Stab: Sleeping          |     2 |       ||     2
Armor: Robe              |     4 |       ||     4
       Skin              |     5 |       ||     5
Dodge: Dodged            |    33 |       ||    33
